 Dungeon Crawl Stone Soup version 0.25.1-8-g42b30a86e7 (webtiles) character file.

Game seed: 336756988635720994

4698 pokeman the Thaumaturge (level 10, -9/53 HPs)
             Began as a Deep Elf Wizard on Dec 15, 2020.
             Was a Follower of Vehumet.
             Killed by the air
             ... invoked by hawla's ghost
              (21 damage)
             ... on level 8 of the Dungeon.
             The game lasted 00:21:02 (9576 turns).

pokeman the Thaumaturge (Deep Elf Wizard)           Turns: 9576, Time: 00:21:03

Health: -9/53      AC:  5    Str:  4    XL:     10   Next: 21%
Magic:  11/28      EV: 13    Int: 27    God:    Vehumet [*.....]
Gold:   105        SH:  0    Dex: 13    Spells: 17/34 levels left

rFire    . . .     SeeInvis +   p - -2 short sword (curse)
rCold    . . .     Gourm    .   (no shield)
rNeg     . . .     Faith    .   a - +0 robe
rPois    .         Spirit   .   b - +0 hat
rElec    .         Reflect  .   I - +1 cloak {Stlth+}
rCorr    .         Harm     .   (no gloves)
MR       +....                  t - +0 pair of boots
Stlth    +++.......             (no amulet)
HPRegen  0.17/turn              D - ring of see invisible
MPRegen  0.21/turn              (no ring)

@: no status effects
A: no striking features
a: Renounce Religion


You were on level 8 of the Dungeon.
You worshipped Vehumet.
Vehumet was aware of your devotion.
You were hungry.

You visited 2 branches of the dungeon, and saw 9 of its levels.

You collected 385 gold pieces.
You spent 280 gold pieces at shops.

Inventory:

Hand Weapons
 h - the +6 long sword of Jaecyss {flame, Fragile rPois MP+9 Dex+4, unknown}
   (You bought it in a shop on level 8 of the Dungeon)

   It has been specially enchanted to burn those struck by it, causing extra
   injury to most foes and up to half again as much damage against particularly
   susceptible opponents.
   Big, fiery blades are also staple armaments of hydra-hunters.
   It affects your dexterity (+4).
   It protects you from poison.
   It affects your magic capacity (+9).
   It will be destroyed if unequipped.
 p - a cursed -2 short sword (weapon)
Missiles
 l - 43 bolts
 v - 3 curare-tipped darts (quivered)
Armour
 a - a +0 robe (worn)
 b - a +0 hat (worn)
 t - a +0 pair of boots (worn)
 y - a +0 kite shield
 I - a +1 cloak of stealth (worn)
Magical Staves
 J - an uncursed staff of energy {unknown}
Jewellery
 D - a ring of see invisible (left hand)
Wands
 j - a wand of paralysis (5)
 x - a wand of iceblast (12)
 B - a wand of clouds (5)
Scrolls
 c - 3 scrolls of remove curse {unknown}
 f - 2 scrolls of noise {unknown}
 i - 5 scrolls of fear {unknown}
 k - 2 scrolls of enchant weapon {unknown}
 n - a scroll of blinking {unknown}
 o - 4 scrolls of teleportation {unknown}
 r - a scroll of fog {unknown}
 u - 6 scrolls of identify {unknown}
 w - a scroll of enchant armour {unknown}
 A - 2 scrolls of random uselessness {unknown}
 C - 3 scrolls of magic mapping {unknown}
Potions
 e - a potion of brilliance {unknown}
 g - 4 potions of heal wounds {unknown}
 m - 2 potions of resistance {unknown}
 q - 3 potions of lignification {unknown}
 z - a potion of berserk rage {unknown}
 F - a potion of degeneration {unknown}
 G - 2 potions of haste {unknown}
 H - 4 potions of curing
 K - a potion of flight {unknown}
Comestibles
 d - 22 rations
 s - a chunk of flesh


   Skills:
 - Level 2.0 Fighting
 + Level 2.0 Armour
 - Level 3.0 Dodging
 - Level 5.1 Stealth
 - Level 3.1 Shields
 * Level 12.8 Spellcasting
 + Level 7.2 Conjurations
 - Level 1.1 Summonings
 - Level 1.1 Translocations
 + Level 6.0 Fire Magic
 - Level 2.0 Air Magic
 - Level 2.0 Poison Magic
 - Level 1.0 Evocations


You had 17 spell levels left.
You knew the following spells:

 Your Spells              Type           Power        Failure   Level  Hunger
a - Magic Dart            Conj           ####         1%          1    None
b - Mephitic Cloud        Conj/Pois/Air  #####...     1%          3    None
c - Call Imp              Summ           ###.....     3%          2    None
d - Blink                 Tloc           N/A          3%          2    None
e - Conjure Flame         Conj/Fire      ######..     1%          3    None
f - Foxfire               Conj/Fire      ####         1%          1    None
g - Fireball              Conj/Fire      ######....   6%          5    ##.....

Your spell library contained the following spells:

 Spells                   Type           Power        Failure   Level  Hunger
 Shock                    Conj/Air       ####         1%          1    None
 Sticky Flame             Conj/Fire      ######..     1%          4    None
 Inner Flame              Hex/Fire       ####....     2%          3    None
 Slow                     Hex            ###.....     4%          2    None


Dungeon Overview and Level Annotations

Branches:
Dungeon (8/15)             Temple (1/1) D:5
   Lair: D:8-11

Altars:
Ashenzari
Cheibriados
Dithmenos
Elyvilon
Fedhas
Gozag
Kikubaaqudgha
Makhleb
Nemelex Xobeh
Ru
Sif Muna
Trog
Uskayaw
Vehumet
Wu Jian
Xom
Yredelemnul
The Shining One

Shops:
D:4 }   D:8 =([*

Annotations:
D:5 Loot behind rock
D:8 hawla's ghost, novice DrCj


Message History

Evoke which item? (* to show all) (? for menu, Esc to quit)
Okay, then.
Evoke which item? (* to show all) (? for menu, Esc to quit)
Aiming: Iceblast
Press: ? - help, Shift-Dir - straight line, f/p - hawla's ghost
Aim: hawla's ghost (severely damaged)
The mass of ice explodes!
The iceblast engulfs hawla's ghost.
Hawla's ghost partially resists.
Hawla's ghost is severely damaged.
You hear a shout!
Evoke which item? (* to show all) (? for menu, Esc to quit)
Aiming: Iceblast
Press: ? - help, Shift-Dir - straight line, f/p - hawla's ghost
Aim: hawla's ghost (severely damaged)
The mass of ice explodes!
The iceblast engulfs hawla's ghost!
Hawla's ghost partially resists.
Hawla's ghost is almost destroyed.
Hawla's ghost waves its arms in wide circles.
The air twists around and strikes you!!
You die...

#######.##.######.#####..#
#.##...............#
#.##.###########...#
##....# ...........#
#..#..# ...........#
#..#..# +######8..##
#..##W# +......).# #####§#
+........# #@# +........#
#§§§# #○# ######8..# #§W§#
#.# ........# ##§## #.#
........#
#§§§###.###########.##
##§§§.)......... ..#
############### ####


You could see hawla's ghost.

Vanquished Creatures
  A two-headed ogre (D:8)
  Maurice (D:8)
  A troll (D:4)
  Grinder (D:3)
  A wyvern (D:8)
  Menkaure (D:5)
  A water moccasin (D:8)
  Duvessa (D:4)
  3 ice beasts
  4 orc warriors
  A black bear (D:7)
  A necrophage (D:6)
  4 phantoms
  2 ogres
  3 big kobolds
  2 bullfrogs
  A gnoll sergeant (D:6)
  Dowan (D:4)
  2 scorpions
  A wyvern skeleton (D:8)
  A howler monkey (D:4)
  A crimson imp (D:8)
  2 jellies
  A hound (D:7)
  An orc priest (D:8)
  A gnoll shaman (D:4)
  3 orc wizards
  2 bullfrog skeletons
  An iguana (D:8)
  Terence (D:3)
  6 worker ants
  A hound zombie (D:8)
  A howler monkey zombie (D:5)
  8 gnolls
  16 adders
  A shadow imp (D:5)
  2 oozes
  An adder skeleton (D:5)
  4 worms
  4 leopard geckos
  11 orcs
  2 ball pythons (D:2)
  11 bats
  8 giant cockroaches
  6 goblins
  7 hobgoblins
  4 jackals (D:3)
  7 quokkas
  4 frilled lizards
  A jackal skeleton (D:4)
  19 kobolds
  10 rats
181 creatures vanquished.

Vanquished Creatures (collateral kills)
  A scorpion (D:2)
  3 orcs (D:3)
4 creatures vanquished.

Vanquished Creatures (others)
  345 foxfires
345 creatures vanquished.

Grand Total: 530 creatures vanquished

Notes
Turn   | Place    | Note
-------+----------+-------------------------------------------
     0 | D:1      | pokeman the Deep Elf Wizard began the quest for the Orb.
     0 | D:1      | Reached XP level 1. HP: 10/10 MP: 7/7
   245 | D:1      | Reached XP level 2. HP: 16/16 MP: 5/9
   895 | D:2      | Reached skill level 5 in Spellcasting
   943 | D:2      | Reached XP level 3. HP: 20/20 MP: 5/11
   948 | D:2      | Learned a level 3 spell: Mephitic Cloud
   951 | D:2      | Learned a level 2 spell: Call Imp
   954 | D:2      | Learned a level 2 spell: Blink
   958 | D:2      | Learned a level 3 spell: Conjure Flame
  1123 | D:2      | Reached skill level 1 in Fighting
  1123 | D:2      | Reached skill level 1 in Armour
  1461 | D:2      | Reached XP level 4. HP: 25/25 MP: 8/13
  2123 | D:2      | Reached skill level 1 in Fire Magic
  2557 | D:2      | Reached skill level 6 in Spellcasting
  2557 | D:2      | Reached XP level 5. HP: 29/29 MP: 12/15
  3160 | D:3      | Noticed Grinder
  3464 | D:3      | Killed Grinder
  3464 | D:3      | Reached skill level 7 in Spellcasting
  3464 | D:3      | Reached skill level 1 in Air Magic
  3464 | D:3      | Reached XP level 6. HP: 14/34 MP: 2/18
  3788 | D:3      | Noticed Terence
  3801 | D:3      | Killed Terence
  4062 | D:4      | Noticed a troll
  4092 | D:4      | Killed a troll
  4092 | D:4      | Reached skill level 8 in Spellcasting
  4092 | D:4      | Reached skill level 1 in Poison Magic
  4092 | D:4      | Reached XP level 7. HP: 38/38 MP: 5/20
  4238 | D:4      | Found a shimmering altar of Xom.
  4242 | D:4      | Found a glowing golden altar of the Shining One.
  4247 | D:4      | Found a snail-covered altar of Cheibriados.
  4300 | D:4      | Learned a level 1 spell: Foxfire
  4306 | D:4      | Learned a level 5 spell: Fireball
  4367 | D:4      | Found Rusaxi's Gadget Boutique.
  4949 | D:4      | Noticed Dowan
  4950 | D:4      | Noticed Duvessa
  4969 | D:4      | Killed Duvessa
  4969 | D:4      | Reached skill level 5 in Stealth
  4969 | D:4      | Reached skill level 9 in Spellcasting
  4969 | D:4      | Reached XP level 8. HP: 35/43 MP: 8/23
  4971 | D:4      | Killed Dowan
  5296 | D:5      | Entered Level 5 of the Dungeon
  5310 | D:5      | Noticed Menkaure
  5315 | D:5      | Killed Menkaure
  5571 | D:5      | Reached skill level 5 in Conjurations
  5739 | D:5      | Reached skill level 10 in Spellcasting
  6212 | D:5      | Found a staircase to the Ecumenical Temple.
  6221 | Temple   | Entered the Ecumenical Temple
  6321 | Temple   | Became a worshipper of Vehumet
  6986 | D:6      | Reached XP level 9. HP: 48/48 MP: 20/25
  7032 | D:6      | Found a shadowy altar of Dithmenos.
  7190 | D:6      | Reached skill level 1 in Evocations
  7825 | D:7      | Reached skill level 11 in Spellcasting
  7846 | D:7      | Reached skill level 1 in Shields
  8027 | D:7      | Found a bloodstained altar of Trog.
  8275 | D:7      | Found a basalt altar of Yredelemnul.
  8469 | D:8      | Reached * piety under Vehumet
  8469 | D:8      | Offered knowledge of Sandblast by Vehumet.
  8543 | D:8      | Reached skill level 5 in Fire Magic
  8677 | D:8      | Noticed Maurice
  8697 | D:8      | Paralysed by Maurice for 2 turns
  8704 | D:8      | Killed Maurice
  8704 | D:8      | Reached skill level 12 in Spellcasting
  8869 | D:8      | Found Gymyiwk's Jewellery Emporium.
  8881 | D:8      | Found Eguttoru's Antique Weapon Emporium.
  8889 | D:8      | Bought an ichor-stained long sword for 280 gold pieces
  9031 | D:8      | Found Riwytosa's Antique Armour Boutique.
  9213 | D:8      | Found Nathrud's Assorted Antiques.
  9234 | D:8      | Reached XP level 10. HP: 53/53 MP: 21/28
  9356 | D:8      | Noticed a two-headed ogre
  9378 | D:8      | Killed a two-headed ogre
  9378 | D:8      | Offered knowledge of Shock by Vehumet.
  9530 | D:8      | Found a runed translucent door.
  9531 | D:8      | Noticed hawla's ghost (novice DrCj)
  9576 | D:8      | Killed from afar by hawla's ghost

Illustrated notes

Levels and vault maps discovered:
D:1:      dpeg_arrival_pits, layout_basic, hangedman_decor_diamond_cutter
D:2:      layout_basic
D:3:      layout_rooms, first_ration, skrybe_limestone_x, uniq_terence,
          uniq_grinder
D:4:      layout_basic, minmay_overflow_temple_star_quad, serial_shops,
          kennysheep_little_box, uniq_duvessa
D:5:      layout_loops_corners, lemuel_temple_firewalk_b, fountainhead,
          due_unseen_surprise, uniq_menkaure
D:6:      layout_gridville, serial_rivers, chequers_serial_rivers_micro_b,
          chequers_serial_rivers_room_a, chequers_serial_rivers_marsh,
          chequers_serial_rivers_room_a, basic_altar
D:7:      layout_rooms, lemuel_doored_altar, bloody_trog
D:8:      layout_loops_ring, kennysheep_mini_moat, special_room
          [special_room_orc], ebering_ghost_inner_flame, serial_shops,
          shop_statue, nicolae_shop_crystal, shop, nicolae_shop_trees,
          hangedman_ranch [blue_anna_fruit_fields], guppyfry_early_elven_hall,
          uniq_maurice
Temple:   regret_index_temple_sphere_string

Skill      XL: |  1  2  3  4  5  6  7  8  9 10 |
---------------+-------------------------------+-----
Spellcasting   | 5 6 7 8 9 10 12 | 12.8
Fighting       | 1 2 |  2.0
Armour         | 1 2 |  2.0
Conjurations   | 2 3 4 5 7 |  7.2
Fire Magic     | 1 2 3 5 6 |  6.0
Dodging        | 3 |  3.0
Stealth        | 3 4 5 |  5.1
Air Magic      | 1 2 |  2.0
Poison Magic   | 1 2 |  2.0
Evocations     | 1 |  1.0
Shields        | 2 3 |  3.1
Summonings     | |  1.1
Translocations | |  1.1

Action                   |  1- 3 |  4- 6 |  7- 9 | 10-12 || total
-------------------------+-------+-------+-------+-------++-------
Melee: Short sword       |       |     6 |    29 |     3 ||    38
 Cast: Magic Dart        |    83 |   145 |    37 |       ||   265
       Call Imp          |       |     3 |       |     2 ||     5
       Conjure Flame     |       |     5 |    16 |     4 ||    25
       Mephitic Cloud    |       |     2 |    15 |     3 ||    20
       Foxfire           |       |       |   182 |    14 ||   196
       Blink             |       |       |     2 |     2 ||     4
       Fireball          |       |       |       |     1 ||     1
Evoke: Wand              |       |       |       |    11 ||    11
 Stab: Confused          |       |     1 |     3 |       ||     4
  Eat: Chunk             |     1 |     8 |    12 |     1 ||    22
       Ration            |       |       |     1 |       ||     1
Armor: Robe              |       |     4 |     4 |     2 ||    10
Dodge: Dodged            |    11 |    11 |    27 |     1 ||    50
